 Dungeon Crawl Stone Soup version 0.17-a0-1562-g9b2c768 (webtiles) character file.

12557 PooFace the Basher (level 11, -7/107 HPs)
             Began as a Troll Berserker on July 20, 2015.
             Was a High Priest of Trog.
             Mangled by a seven-headed hydra (12 damage)
             ... on level 1 of the Lair of Beasts.
             The game lasted 01:20:04 (10234 turns).

PooFace the Basher (Troll Berserker)               Turns: 10234, Time: 01:20:04

Health: -7/107     AC: 12    Str: 36    XL:     11   Next: 64%
Magic:  10/10      EV: 12    Int:  3    God:    Trog [*****.]
Gold:   555        SH:  0    Dex:  9    Spells: 0 memorised, 10 levels left

rFire  . . .     SeeInvis .     u - +6 dire flail (protect)
rCold  . . .     Clarity  .     C - +2 robe
rNeg   . . .     SustAt   .     (no shield)
rPois  .         Gourm    +     (helmet restricted)
rElec  .         Spirit   .     (no cloak)
rCorr  .         Warding  .     (gloves unavailable)
rMut   .         Stasis   .     (boots unavailable)
MR     .....                    (no amulet)
Stlth  ++........               (no ring)
                                m - +6 ring of strength

@: about to teleport, not resistant to hostile enchantments, unstealthy
A: unfitting armour, claws 3, fast metabolism 3, gourmand, regeneration 2,
shaggy fur 1, tough skin 2
a: Burn Spellbooks, Berserk, Trog's Hand, Brothers in Arms, Renounce Religion


You were on level 1 of the Lair of Beasts.
You worshipped Trog.
Trog was extremely pleased with you.
You were not hungry.

You visited 2 branches of the dungeon, and saw 12 of its levels.
You also visited: Sewer.

You collected 555 gold pieces.

Inventory:

Hand weapons
 c - a +0 dagger of draining
 u - a +6 dire flail of protection (weapon)
 S - the +10 battleaxe of Troll's Doom {chop, MR+ SInv, unknown}
   (Trog gifted it to you on level 1 of the Lair of Beasts)

   It inflicts extra damage upon your enemies.
   It affects your resistance to hostile enchantments.
   It lets you see invisible.
Missiles
 j - 7 javelins of returning (quivered)
Armour
 a - a +0 animal skin
 C - a +2 robe (worn)
Jewellery
 h - an uncursed amulet of rage
 k - an uncursed ring of poison resistance {unknown}
 m - a +6 ring of strength (left claw)
 n - an uncursed ring of see invisible {unknown}
 t - a cursed -2 ring of dexterity {unknown}
 x - an uncursed ring of invisibility {unknown}
 O - an uncursed amulet of resist mutation
Magical devices
 E - a wand of digging (10)
 F - a wand of random effects (17)
 L - a wand of disintegration (12)
Scrolls
 d - a scroll of random uselessness {unknown}
 f - 3 scrolls of fog
 i - a scroll of fear
 o - 2 scrolls of amnesia
 r - a scroll of noise {unknown}
 s - 6 scrolls of remove curse
 w - a scroll of vulnerability {unknown}
 y - 2 scrolls of enchant armour
 J - 2 scrolls of immolation
 P - a scroll of teleportation
Potions
 e - a potion of cure mutation
 l - a potion of degeneration
 q - 7 potions of curing
 v - 3 potions of heal wounds
 z - a potion of flight
 A - a potion of haste {unknown}
 B - 2 potions of brilliance
 G - a potion of lignification
 I - a potion of resistance
 N - a potion of berserk rage
 R - a potion of cancellation {unknown}
Books
 p - a book of Transfigurations

   Spells                             Type                      Level
   a - Stoneskin                      Transmutation/Earth          2
   b - Irradiate                      Conjuration/Transmutation    5
   c - Statue Form                    Transmutation/Earth          6
   d - Hydra Form                     Transmutation                6
   e - Dragon Form                    Transmutation                7
   Trog disapproves of the use of such an item.
Comestibles
 b - 7 bread rations
 g - 4 meat rations
 D - 4 beef jerkies
 H - 14 fruits
 K - 10 royal jellies
 M - 2 slices of pizza
 Q - 12 chunks of flesh


   Skills:
 + Level 6.9 Fighting
 * Level 11.1 Maces & Flails
 + Level 8.3 Dodging
 + Level 2.6 Stealth
 - Level 7.0 Unarmed Combat


You had 10 spell levels left.
You didn't know any spells.

Dungeon Overview and Level Annotations

Branches:
Dungeon (11/15)            Temple (0/1) D:6            Lair (1/8) D:11
    Orc: D:9-12

Altars:
Ashenzari
Qazlal


Innate Abilities, Weirdness & Mutations

You are too large for most types of armour.
You have claws for hands.
Your metabolism is lightning-fast.
You like to eat raw meat.
You heal very quickly.
You are covered in fur (AC +1).
You have very tough skin (AC +2).


Message History

The seven-headed hydra is lightly wounded.
The water moccasin bites you but does no damage.
The seven-headed hydra closely misses you.
The seven-headed hydra bites you. The seven-headed hydra bites you!
The seven-headed hydra bites you but does no damage.
The seven-headed hydra completely misses you.
The seven-headed hydra closely misses you.
The seven-headed hydra bites you.
Read which item? (? for menu, Esc to quit)
As you read the scroll of teleportation, it crumbles to dust.
You feel strangely unstable. The water moccasin bites you.
The seven-headed hydra bites you! x2
* * * LOW HITPOINT WARNING * * *
The seven-headed hydra bites you!
* * * LOW HITPOINT WARNING * * *
The seven-headed hydra bites you!
* * * LOW HITPOINT WARNING * * *
The seven-headed hydra closely misses you.
The seven-headed hydra bites you!
You die...

.....
##.♣..≈≈.≈.≈..≈≈
.#...
#P..≈≈≈.≈≈..≈... .#
.. #P...≈.≈≈.≈..≈.≈
.#...
#..≈.≈..≈.≈≈.≈.
.....
####♣...≈..≈≈.≈≈≈
.....
.....≈≈..≈.≈.≈≈..
##...
####.♣≈≈:.≈.≈≈...
... #♣≈DS.≈≈.... ..
#.≈@≈.≈.♣## #....#
#..♣♣♣♣♣# #......#
##..!.P♣ ..#.....#
#.....##
#.###....#####....#
..#)##.#.#P#.#....##
..#..#.............#
.###.##...........##
.# #..##..#.##....#


You could see a seven-headed hydra and a water moccasin.

Vanquished Creatures
  Erica (Lair:1)
  Urug (D:10)
  A black mamba (Lair:1)
  Psyche (D:10)
  A centaur skeleton (D:10)
  Prince Ribbit (D:7)
  4 blink frogs (Lair:1)
  2 deep elf magi
  19 yaks
  A basilisk (Lair:1)
  3 wolves (D:11)
  Menkaure (D:6)
  2 hungry ghosts
  A soldier ant (D:9)
  An orc warrior (D:7)
  3 ice beasts
  2 phantoms
  4 sky beasts
  2 black bears
  An eye of draining (D:10)
  3 porcupines (Lair:1)
  2 wasps
  3 crocodiles (Lair:1)
  4 ogres
  9 giant frogs
  A centaur (D:9)
  A big kobold (D:10)
  A wyvern zombie (D:11)
  4 killer bees (D:9)
  5 scorpions
  An electric eel (D:11)
  3 wights (D:7)
  3 crimson imps
  A jelly (D:7)
  A giant frog zombie (D:9)
  8 hounds
  2 giant frog skeletons
  Terence (D:3)
  9 orc priests
  2 quasits
  8 orc wizards
  12 worker ants
  2 iguanas (D:4)
  A killer bee zombie (D:6)
  A worker ant zombie (D:6)
  10 adders
  4 gnolls (D:7)
  12 river rats
  An ooze (Sewer)
  An adder zombie (D:6)
  A worm (D:3)
  2 giant geckos (D:4)
  31 orcs
  12 bats
  11 goblins
  19 hobgoblins
  7 jackals
  42 kobolds
  3 quokkas
  7 ball pythons
  5 giant cockroaches
  5 giant newts
  A quokka skeleton (D:6)
  25 rats
  A fungus (Lair:1)
340 creatures vanquished.

Vanquished Creatures (others)
  A fungus (Lair:1)
1 creature vanquished.

Grand Total: 341 creatures vanquished

Notes
Turn   | Place    | Note
--------------------------------------------------------------
     0 | D:1      | PooFace the Troll Berserker began the quest for the Orb.
     0 | D:1      | Reached XP level 1. HP: 22/22 MP: 0/0
   159 | D:1      | Reached XP level 2. HP: 25/29 MP: 1/1
  1034 | D:2      | Reached XP level 3. HP: 36/36 MP: 2/2
  1049 | D:2      | Acquired Trog's second power
  1261 | D:3      | Found a faded altar to an unknown god.
  1510 | D:3      | Noticed Terence
  1520 | D:3      | Killed Terence
  1520 | D:3      | Reached skill level 4 in Unarmed Combat
  1520 | D:3      | Reached XP level 4. HP: 45/45 MP: 3/3
  1720 | D:3      | Found a glowing drain.
  1769 | D:3      | Reached XP level 5. HP: 43/53 MP: 4/4
  1788 | Sewer    | Entered a sewer
  2146 | Sewer    | Acquired Trog's third power
  2664 | D:3      | Reached XP level 6. HP: 61/61 MP: 5/5
  3048 | D:4      | Reached skill level 5 in Unarmed Combat
  3367 | D:4      | Found a shattered altar of Ashenzari.
  3551 | D:4      | Reached XP level 7. HP: 68/68 MP: 6/6
  3956 | D:5      | Entered Level 5 of the Dungeon
  4152 | D:5      | Reached skill level 1 in Stealth
  4307 | D:5      | Reached skill level 6 in Unarmed Combat
  4532 | D:5      | Reached skill level 5 in Dodging
  4695 | D:6      | Reached XP level 8. HP: 67/78 MP: 7/7
  4882 | D:6      | Noticed Menkaure
  4895 | D:6      | Killed Menkaure
  4895 | D:6      | Reached skill level 7 in Unarmed Combat
  4903 | D:6      | Received a gift from Trog
  5262 | D:6      | Found a staircase to the Ecumenical Temple.
  5589 | D:7      | Noticed Prince Ribbit
  5610 | D:7      | Killed Prince Ribbit
  5610 | D:7      | Reached XP level 9. HP: 85/85 MP: 8/8
  5679 | D:7      | Reached skill level 5 in Maces & Flails
  6410 | D:8      | Found a stormy altar of Qazlal.
  6881 | D:8      | Reached skill level 5 in Fighting
  7784 | D:9      | Reached XP level 10. HP: 72/96 MP: 9/9
  8161 | D:10     | Entered Level 10 of the Dungeon
  8169 | D:10     | Noticed Urug
  8193 | D:10     | Killed Urug
  8193 | D:10     | Reached skill level 8 in Maces & Flails
  8374 | D:10     | Noticed Psyche
  8697 | D:10     | Killed Psyche
  9282 | D:11     | Received a gift from Trog
  9291 | D:11     | Reached skill level 9 in Maces & Flails
  9433 | D:11     | Found a staircase to the Lair.
  9443 | D:11     | Reached XP level 11. HP: 70/105 MP: 10/10
  9484 | Lair:1   | Entered Level 1 of the Lair of Beasts
  9530 | Lair:1   | Received a gift from Trog
  9541 | Lair:1   | Got a faintly glowing battleaxe {god gift}
  9638 | Lair:1   | Reached skill level 10 in Maces & Flails
  9999 | Lair:1   | Noticed Erica
 10024 | Lair:1   | Killed Erica
 10099 | Lair:1   | Reached skill level 11 in Maces & Flails
 10224 | Lair:1   | Noticed a seven-headed hydra
 10234 | Lair:1   | HP: 5/107 [seven-headed hydra (9)]
 10234 | Lair:1   | Mangled by a seven-headed hydra

Vault maps used:
D:1:      saegor_arrival_simple_e
D:3:      ecumenical_altar_1, gup_sewer_entry_glass, kennysheep_generic_room_16,
          uniq_terence
D:4:      first_bread, st_stairs_9, ashenzari_altar_1
D:5:      roderic_serpentine_path
D:6:      minmay_temple_entry_from_below_a, uniq_menkaure
D:7:      uniq_prince_ribbit1
D:8:      old_standard_altar
D:9:      hangedman_pestilent_swarm, dk_noncrumbling_3
D:10:     uniq_urug, uniq_psyche
D:11:     erik_lair_island, david_orc_4, basic_altar, lemuel_tele_altar
Lair:1:   nicolae_quartered_pool_little, beast_lair_carwin_9,
          grunt_megastairs_3, uniq_erica, uniq_fannar
Sewer:    sewer_minmay_treatment

Action                   |  1- 3 |  4- 6 |  7- 9 | 10-12 || total
-------------------------+-------+-------+-------+-------++-------
Melee: Unarmed           |   117 |   237 |   187 |       ||   541
       Dire flail        |       |       |   158 |   327 ||   485
Invok: Berserk           |     1 |       |     1 |     1 ||     3
  Use: Scroll            |       |     7 |    13 |     4 ||    24
       Potion            |       |     2 |    10 |     8 ||    20
 Stab: Sleeping          |       |     2 |     4 |     2 ||     8
  Eat: Chunk             |    10 |    21 |    25 |    26 ||    82
       Bread ration      |     1 |       |     3 |     1 ||     5
